MLB
TAMPA BAY RAYS @ HOUSTON ASTROS
08/28/2019
 
TOP OF THE 1ST
Tampa Bay Rays batting - Pitching for Houston Astros : RHP Odrisamer Despaigne
Pitching: RHP Odrisamer Despaigne
Batting: SHB Aaron Hicks 0-0: Ball
1-0: Ball
2-0: Foul Ball, location: 2F
2-1: Fly out, F9 (Flyball, 9D, EV 88.8 MPH)
Batting: LHB Rafael Devers 0-0: Fly out, F8 (Line Drive, 8LD, EV 89.4 MPH)
Batting: LHB Michael Conforto 0-0: Foul Ball, location: 2F
0-1: Foul Ball, location: 2F
0-2: Ball
1-2: Ball
2-2: Ball
3-2: Fly out, F8 (Flyball, 8LM, EV 98.1 MPH)
Top of the 1st over - 0 runs, 0 hits, 0 errors, 0 left on base; Tampa Bay 0 - Houston 0
BOTTOM OF THE 1ST
Houston Astros batting - Pitching for Tampa Bay Rays : LHP James Paxton
Pitching: LHP James Paxton
Batting: RHB Jermaine Palacios 0-0: Called Strike
0-1: SINGLE (Groundball, 34D, EV 96.3 MPH)
Batting: RHB Trey Mancini 0-0: Ball
1-0: Fly out, F8 (Flyball, 8LM, EV 95.0 MPH)
Batting: LHB Colin Moran 0-0: Ball
1-0: Foul Ball, location: 2F
1-1: Ball
2-1: Swinging Strike
2-2: Strikes out looking
Batting: RHB Edwin Encarnacion 0-0: Ball
1-0: Foul Ball, location: 2F
1-1: Foul Ball, location: 2F
1-2: SINGLE (Groundball, 6MD, EV 95.0 MPH)
Jermaine Palacios to second
Batting: SHB Ben Zobrist 0-0: Ball
1-0: Fly out, F8 (Flyball, 8LM, EV 83.1 MPH)
Bottom of the 1st over - 0 runs, 2 hits, 0 errors, 2 left on base; Tampa Bay 0 - Houston 0
TOP OF THE 2ND
Tampa Bay Rays batting - Pitching for Houston Astros : RHP Odrisamer Despaigne
Batting: RHB Nelson Cruz 0-0: Ball
1-0: Ball
2-0: Foul Ball, location: 2F
2-1: Swinging Strike
2-2: Ground out 5-3 (Groundball, 56S, EV 65.6 MPH)
Batting: RHB Miguel Cabrera 0-0: Called Strike
0-1: Ball
1-1: Ball
2-1: Swinging Strike
2-2: Strikes out swinging
Batting: RHB Buster Posey 0-0: Swinging Strike
0-1: Ball
1-1: Called Strike
1-2: Foul Ball, location: 2F
1-2: Foul Ball, location: 2F
1-2: Ball
2-2: Foul Ball, location: 2F
2-2: Ball
3-2: Base on Balls
Batting: RHB Xander Bogaerts 0-0: Called Strike
0-1: Foul Ball, location: 2F
0-2: SINGLE (Flyball, 78M, EV 90.6 MPH)
Buster Posey to second
Batting: RHB Marcell Ozuna 0-0: Fielders Choice at 2nd, 6-4 (Groundball, 6, EV 92.5 MPH)
Top of the 2nd over - 0 runs, 1 hit, 0 errors, 2 left on base; Tampa Bay 0 - Houston 0
BOTTOM OF THE 2ND
Houston Astros batting - Pitching for Tampa Bay Rays : LHP James Paxton
Batting: LHB Jason Heyward 0-0: Called Strike
0-1: Ball
1-1: Foul Ball, location: 2F
1-2: Strikes out swinging
Batting: LHB Rougned Odor 0-0: Ball
1-0: Ball
2-0: Called Strike
2-1: Ball
3-1: Bunt for hit to 3S - play at first, batter safe!
Batting: SHB Tucker Barnhart 0-0: Foul Ball, location: 2F
0-1: Foul Ball, location: 2F
0-2: Ball
Wild Pitch!
Rougned Odor to second
1-2: Ball
2-2: Foul Ball, location: 2F
2-2: Foul Ball, location: 2F
2-2: Foul Ball, location: 2F
2-2: Foul Ball, location: 2F
2-2: Ball
3-2: Foul Ball, location: 2F
3-2: SINGLE (Line Drive, 9LS, EV 88.8 MPH)
Rougned Odor to third
Batting: LHB Omar Narvaez 0-0: Ball
1-0: Ball
2-0: Foul Ball, location: 2F
2-1: Ball
3-1: Called Strike
3-2: Base on Balls
Tucker Barnhart to second
Batting: RHB Jermaine Palacios 0-0: Ground out 6-3 (Groundball, 6S, EV 65.6 MPH)
Rougned Odor scores
Tucker Barnhart to third
Omar Narvaez to second
Batting: RHB Trey Mancini 0-0: Called Strike
0-1: Foul Ball, location: 2F
0-2: SINGLE (Groundball, 56D, EV 95.6 MPH)
Tucker Barnhart scores
Omar Narvaez to third
Runner from 3rd tries for Home, SAFE, throw by LF to home
Trey Mancini to second
Batting: LHB Colin Moran 0-0: Fly out, F9 (Line Drive, 9, EV 89.4 MPH)
Bottom of the 2nd over - 3 runs, 3 hits, 0 errors, 1 left on base; Tampa Bay 0 - Houston 3
TOP OF THE 3RD
Tampa Bay Rays batting - Pitching for Houston Astros : RHP Odrisamer Despaigne
Batting: RHB DJ LeMahieu 0-0: Ball
1-0: Ball
2-0: Ball
3-0: Called Strike
3-1: Foul Ball, location: 2F
3-2: Fly out, F6 (Flyball, 6MD, EV 88.1 MPH)
Batting: SHB Aaron Hicks 0-0: Ball
1-0: Ball
2-0: Ball
3-0: Base on Balls
Batting: LHB Rafael Devers 0-0: Called Strike
0-1: Ground out 6-3 (Groundball, 4, EV 90.6 MPH)
Aaron Hicks to second
Batting: LHB Michael Conforto 0-0: Ball
1-0: Ground out 6-3 (Groundball, 6, EV 75.6 MPH)
Top of the 3rd over - 0 runs, 0 hits, 0 errors, 1 left on base; Tampa Bay 0 - Houston 3
BOTTOM OF THE 3RD
Houston Astros batting - Pitching for Tampa Bay Rays : LHP James Paxton
Batting: RHB Edwin Encarnacion 0-0: Swinging Strike
0-1: Ball
1-1: Foul Ball, location: 2F
1-2: DOUBLE (Line Drive, 8LXD, EV 104.4 MPH)
Batting: SHB Ben Zobrist 0-0: Ball
Wild Pitch!
Edwin Encarnacion to third
1-0: Foul Ball, location: 2F
1-1: Ball
2-1: Ground out 1-3 (Groundball, 15, EV 82.5 MPH)
Batting: LHB Jason Heyward 0-0: Ball
1-0: Foul Ball, location: 2F
1-1: Swinging Strike
1-2: Ball
2-2: Ball
3-2: Foul Ball, location: 2F
3-2: Foul Ball, location: 2F
3-2: Ground out 4-3 (Groundball, 34D, EV 83.1 MPH)
Edwin Encarnacion scores
Batting: LHB Rougned Odor 0-0: Ball
1-0: Fly out, F8 (Line Drive, 8RD, EV 86.3 MPH)
Bottom of the 3rd over - 1 run, 1 hit, 0 errors, 0 left on base; Tampa Bay 0 - Houston 4
TOP OF THE 4TH
Tampa Bay Rays batting - Pitching for Houston Astros : RHP Odrisamer Despaigne
Batting: RHB Nelson Cruz 0-0: Called Strike
0-1: Swinging Strike
0-2: Foul Ball, location: 2F
0-2: Ball
1-2: Foul Ball, location: 2F
1-2: DOUBLE (Line Drive, 78M, EV 92.5 MPH)
Batting: RHB Miguel Cabrera 0-0: Foul Ball, location: 2F
0-1: Swinging Strike
0-2: Foul Ball, location: 2F
0-2: Ball
1-2: Fly out, F1 (Line Drive, P, EV 66.9 MPH)
Batting: RHB Buster Posey 0-0: Called Strike
0-1: Ball
1-1: Ground out U3 (Groundball, 34, EV 83.8 MPH)
Nelson Cruz to third
Batting: RHB Xander Bogaerts 0-0: Called Strike
0-1: Ball
1-1: Ball
2-1: SINGLE (Groundball, 5D, EV 106.3 MPH)
Nelson Cruz scores
Batting: RHB Marcell Ozuna 0-0: Ball
1-0: Called Strike
1-1: Ball
2-1: Foul Ball, location: 2F
2-2: Ball
3-2: Base on Balls
Xander Bogaerts to second
Batting: RHB DJ LeMahieu 0-0: Ball
1-0: Called Strike
1-1: Called Strike
1-2: SINGLE (Groundball, 4MD, EV 103.1 MPH)
Xander Bogaerts to third
Marcell Ozuna to second
Runner from 3rd tries for Home, SAFE, throw by CF to home
Batting: SHB Aaron Hicks 0-0: Fly out, F8 (Flyball, 8LD, EV 91.9 MPH)
Top of the 4th over - 2 runs, 3 hits, 0 errors, 2 left on base; Tampa Bay 2 - Houston 4
BOTTOM OF THE 4TH
Houston Astros batting - Pitching for Tampa Bay Rays : LHP James Paxton
Batting: SHB Tucker Barnhart 0-0: Ball
1-0: Ball
2-0: Foul Ball, location: 2F
2-1: Swinging Strike
2-2: Ball
3-2: Strikes out swinging
Batting: LHB Omar Narvaez 0-0: Ball
1-0: Ball
2-0: Swinging Strike
2-1: Ball
3-1: Foul Ball, location: 2F
3-2: Base on Balls
Batting: RHB Jermaine Palacios 0-0: Foul Ball, location: 2F
0-1: Called Strike
0-2: Foul Ball, location: 2F
0-2: Ball
1-2: Foul Ball, location: 2F
1-2: Foul Ball, location: 2F
1-2: Foul Ball, location: 2F
1-2: Ball
2-2: SINGLE (Groundball, 34D, EV 103.1 MPH)
Omar Narvaez to second
Runner from 2nd tries for 3rd, SAFE, throw by RF made to third
Batting: RHB Trey Mancini 0-0: Swinging Strike
0-1: Ball
1-1: Ball
2-1: Ball
3-1: Fly out, F7 (Flyball, 7, EV 94.4 MPH)
Runner from 3rd tags up, SCORES, throw by LF
Pitching: RHP Jimmy Nelson
Batting: LHB Colin Moran 0-0: Ball
1-0: Called Strike
1-1: Swinging Strike
1-2: Ball
Jermaine Palacios steals 2nd base
2-2: Ball
3-2: Base on Balls
Batting: RHB Edwin Encarnacion 0-0: Ball
1-0: Ball
2-0: Called Strike
2-1: Swinging Strike
2-2: Ball
3-2: Foul Ball, location: 2F
3-2: SINGLE (Groundball, 6D, EV 110.0 MPH)
Jermaine Palacios to third
Colin Moran to second
Jermaine Palacios scores
Colin Moran to third
Batting: SHB Ben Zobrist 0-0: Fly out, F7 (Flyball, 78M, EV 91.3 MPH)
Bottom of the 4th over - 2 runs, 2 hits, 0 errors, 2 left on base; Tampa Bay 2 - Houston 6
TOP OF THE 5TH
Tampa Bay Rays batting - Pitching for Houston Astros : RHP Odrisamer Despaigne
Pitching: RHP Jose A. Ramirez
Batting: LHB Rafael Devers 0-0: Ball
1-0: Called Strike
1-1: Called Strike
1-2: Strikes out swinging
Batting: LHB Michael Conforto 0-0: Ball
1-0: Called Strike
1-1: Ball
2-1: Ball
3-1: Called Strike
3-2: Foul Ball, location: 2F
3-2: Base on Balls
Batting: RHB Nelson Cruz 0-0: Called Strike
0-1: Ball
1-1: Foul Ball, location: 2F
1-2: Ball
2-2: Ball
3-2: Base on Balls
Michael Conforto to second
Batting: RHB Miguel Cabrera 0-0: Ball
1-0: Grounds into double play, 4-6-3 (Groundball, 4, EV 103.8 MPH)
Top of the 5th over - 0 runs, 0 hits, 0 errors, 1 left on base; Tampa Bay 2 - Houston 6
BOTTOM OF THE 5TH
Houston Astros batting - Pitching for Tampa Bay Rays : RHP Jimmy Nelson
Batting: LHB Jason Heyward 0-0: Fly out, F7 (Flyball, 78S, EV 88.8 MPH)
Batting: LHB Rougned Odor 0-0: Ball
1-0: Called Strike
1-1: Fly out, F7 (Flyball, 7LS, EV 90.0 MPH)
Batting: SHB Tucker Barnhart 0-0: Called Strike
0-1: Ball
1-1: Swinging Strike
1-2: Ball
2-2: Ground out 4-3 (Groundball, 4, EV 105.0 MPH)
Bottom of the 5th over - 0 runs, 0 hits, 0 errors, 0 left on base; Tampa Bay 2 - Houston 6
TOP OF THE 6TH
Tampa Bay Rays batting - Pitching for Houston Astros : RHP Jose A. Ramirez
Batting: RHB Buster Posey 0-0: Foul Ball, location: 2F
0-1: SINGLE (Groundball, 6D, EV 104.4 MPH)
Batting: RHB Xander Bogaerts 0-0: Ball
1-0: Ball
2-0: Ball
3-0: Called Strike
3-1: Base on Balls
Buster Posey to second
Pitching: RHP Domingo Acevedo
Batting: RHB Marcell Ozuna 0-0: Called Strike
0-1: Ball
1-1: Fly out, F8 (Flyball, 8RS, EV 90.0 MPH)
Batting: RHB DJ LeMahieu 0-0: Ball
1-0: Fielders Choice at 2nd, 6-4 (Groundball, 6, EV 84.4 MPH)
Buster Posey to third
Batting: SHB Aaron Hicks 0-0: Foul Ball, location: 2F
0-1: Ball
1-1: Foul Ball, location: 2F
1-2: Ball
2-2: Fly out, F9 (Flyball, 9, EV 87.5 MPH)
Top of the 6th over - 0 runs, 1 hit, 0 errors, 2 left on base; Tampa Bay 2 - Houston 6
BOTTOM OF THE 6TH
Houston Astros batting - Pitching for Tampa Bay Rays : RHP Jimmy Nelson
Batting: LHB Omar Narvaez 0-0: Called Strike
0-1: Ball
1-1: Fly out, F5 (Line Drive, 6, EV 70.6 MPH)
Batting: RHB Jermaine Palacios 0-0: Ball
1-0: Foul Ball, location: 2F
1-1: Foul Ball, location: 2F
1-2: Ball
2-2: Strikes out looking
Batting: RHB Trey Mancini 0-0: Called Strike
0-1: Ball
1-1: Called Strike
1-2: Ball
2-2: Ball
3-2: Base on Balls
Batting: LHB Colin Moran 0-0: Called Strike
0-1: Ball
1-1: Foul Ball, location: 2F
1-2: Ball
2-2: Ball
3-2: Foul Ball, location: 2F
3-2: Foul Ball, location: 2F
3-2: Ground out 4-3 (Groundball, 4, EV 82.5 MPH)
Bottom of the 6th over - 0 runs, 0 hits, 0 errors, 1 left on base; Tampa Bay 2 - Houston 6
TOP OF THE 7TH
Tampa Bay Rays batting - Pitching for Houston Astros : RHP Domingo Acevedo
Pitching: LHP Jairo Labourt
Batting: LHB Rafael Devers 0-0: Ball
1-0: Swinging Strike
1-1: Swinging Strike
1-2: Strikes out looking
Batting: LHB Michael Conforto 0-0: Ball
1-0: Called Strike
1-1: Ball
2-1: Called Strike
2-2: Ball
3-2: Base on Balls
Batting: RHB Nelson Cruz 0-0: Ball
1-0: Grounds into double play, 4-6-3 (Groundball, 4, EV 89.4 MPH)
Top of the 7th over - 0 runs, 0 hits, 0 errors, 0 left on base; Tampa Bay 2 - Houston 6
BOTTOM OF THE 7TH
Houston Astros batting - Pitching for Tampa Bay Rays : RHP Jimmy Nelson
Pitching: RHP Mychal Givens
Batting: RHB Edwin Encarnacion 0-0: Ball
1-0: Called Strike
1-1: Ball
2-1: Swinging Strike
2-2: Foul Ball, location: 2F
2-2: Foul Ball, location: 2F
2-2: Strikes out swinging
Batting: SHB Ben Zobrist 0-0: Ball
1-0: SINGLE (Flyball, 9S, EV 86.3 MPH)
Batting: LHB Jason Heyward 0-0: Swinging Strike
Ben Zobrist is caught stealing 2nd base 2-6
0-1: Swinging Strike
0-2: Ball
1-2: Foul Ball, location: 2F
1-2: Ball
2-2: Ground out 4-3 (Groundball, 4, EV 91.3 MPH)
Bottom of the 7th over - 0 runs, 1 hit, 0 errors, 0 left on base; Tampa Bay 2 - Houston 6
TOP OF THE 8TH
Tampa Bay Rays batting - Pitching for Houston Astros : LHP Jairo Labourt
Pitching: RHP Alex Colome
Batting: RHB Miguel Cabrera 0-0: Called Strike
0-1: Ball
1-1: Swinging Strike
1-2: Foul Ball, location: 2F
1-2: Ball
2-2: Foul Ball, location: 2F
2-2: Ball
3-2: Base on Balls
Batting: RHB Buster Posey 0-0: Ball
1-0: Ball
2-0: Foul Ball, location: 2F
2-1: Called Strike
2-2: Ball
3-2: Foul Ball, location: 2F
3-2: SINGLE (Groundball, 6MD, EV 95.0 MPH)
Miguel Cabrera to second
Pitching: RHP Justin Lawrence
Batting: RHB Xander Bogaerts 0-0: SINGLE (Flyball, 6D, EV 90.6 MPH)
Miguel Cabrera to third
Buster Posey to second
Batting: RHB Marcell Ozuna 0-0: Fly out, F7 (Flyball, 78M, EV 90.0 MPH)
Runner from 3rd tags up, SCORES, throw by LF
Batting: RHB DJ LeMahieu 0-0: Ball
1-0: Ball
2-0: Foul Ball, location: 2F
2-1: Foul Ball, location: 2F
2-2: Strikes out swinging
Batting: SHB Aaron Hicks 0-0: Foul Ball, location: 2F
0-1: Ball
1-1: Swinging Strike
1-2: Ball
Wild Pitch!
Buster Posey to third
Xander Bogaerts to second
2-2: Strikes out swinging
Top of the 8th over - 1 run, 2 hits, 0 errors, 2 left on base; Tampa Bay 3 - Houston 6
BOTTOM OF THE 8TH
Houston Astros batting - Pitching for Tampa Bay Rays : RHP Mychal Givens
Pitching: RHP Carson Smith
Batting: LHB Rougned Odor 0-0: Called Strike
0-1: Swinging Strike
0-2: Strikes out looking
Batting: SHB Tucker Barnhart 0-0: Ball
1-0: Fly out, F7 (Flyball, 7S, EV 91.9 MPH)
Batting: LHB Omar Narvaez 0-0: Swinging Strike
0-1: Swinging Strike
0-2: Ball
1-2: Ball
2-2: Ball
3-2: Fly out, F9 (Flyball, 89S, EV 84.4 MPH)
Bottom of the 8th over - 0 runs, 0 hits, 0 errors, 0 left on base; Tampa Bay 3 - Houston 6
TOP OF THE 9TH
Tampa Bay Rays batting - Pitching for Houston Astros : RHP Justin Lawrence
Batting: LHB Rafael Devers 0-0: Called Strike
0-1: Swinging Strike
0-2: Ball
1-2: Strikes out swinging
Batting: LHB Michael Conforto 0-0: Called Strike
0-1: Ball
1-1: Called Strike
1-2: Strikes out swinging
Batting: RHB Nelson Cruz 0-0: SINGLE (Flyball, 78S, EV 87.5 MPH)
Batting: RHB Miguel Cabrera 0-0: Foul Ball, location: 2F
0-1: Ground out 4-3 (Groundball, 4, EV 107.5 MPH)
Top of the 9th over - 0 runs, 1 hit, 0 errors, 1 left on base; Tampa Bay 3 - Houston 6
Monday, December 2nd, 2019 - OOTP Baseball 20.8 Build 73